 Dungeon Crawl Stone Soup version 0.21.1-1-g345015f (webtiles) character file.

180 snakesoul the Skirmisher (level 5, -7/42 HPs)
             Began as a Demonspawn Fighter on June 24, 2018.
             Mangled by an ogre
             ... wielding a +0 giant spiked club
              (9 damage)
             ... on level 4 of the Dungeon.
             The game lasted 00:04:58 (3339 turns).

snakesoul the Skirmisher (Demonspawn Fighter)       Turns: 3339, Time: 00:04:58

Health: -7/42      AC:  6    Str: 18    XL:     5   Next: 33%
Magic:  5/5        EV:  7    Int:  9    God:
Gold:   121        SH:  9    Dex: 12    Spells: 4/4 levels left

rFire    . . .     SeeInvis .   a - +0 trident
rCold    . . .     Gourm    .   c - +0 shield
rNeg     . . .     Faith    .   b - +0 scale mail
rPois    .         Spirit   .   (helmet restricted)
rElec    .         Reflect  .   (no cloak)
rCorr    +         Harm     .   (no gloves)
MR       .....                  (no boots)
Stlth    ..........             (no amulet)
HPRegen  0.14/turn              i - ring of resist corrosion
MPRegen  0.09/turn              (no ring)

@: no status effects
A: antennae 1, powered by death 1, powered by pain 1
a: no special abilities


You were on level 4 of the Dungeon.
You were very hungry.

You visited 2 branches of the dungeon, and saw 5 of its levels.

You collected 121 gold pieces.

Inventory:

Hand Weapons
 a - a +0 trident (weapon)
Armour
 b - a +0 scale mail (worn)
 c - a +0 shield (worn)
Jewellery
 i - a ring of resist corrosion (left hand)
Scrolls
 d - a scroll of fear {unknown}
 e - 2 scrolls of enchant weapon {unknown}
 g - a scroll of remove curse {unknown}
 m - 3 scrolls of identify {unknown}
 o - 3 scrolls of teleportation {unknown}
Potions
 h - a potion of magic {unknown}
 j - 2 potions of invisibility {unknown}
 k - 2 potions of lignification {unknown}
 l - a potion of resistance {unknown}
 n - 2 potions of curing {unknown}
 p - 2 potions of brilliance {unknown}
 q - a potion of ambrosia {unknown}
 r - a potion of haste {unknown}
Books
 t - a book of Necromancy

   Spells                             Type                      Level
   a - Pain                           Necromancy                   1
   b - Animate Skeleton               Necromancy                   1
   c - Vampiric Draining              Necromancy                   3
   d - Regeneration                   Charms/Necromancy            3
   e - Animate Dead                   Necromancy                   4
   f - Borgnjor's Vile Clutch         Necromancy/Earth             5
Comestibles
 f - 7 rations


   Skills:
 + Level 3.9 Fighting
 * Level 3.8 Polearms
 - Level 2.6 Armour
 + Level 3.5 Shields


You had 4 spell levels left.
You didn't know any spells.

Dungeon Overview and Level Annotations

Branches:
Dungeon (4/15)             Temple (1/1) D:4

Altars:
Ashenzari
Cheibriados
Dithmenos
Fedhas
Gozag
Hepliaklqana
Kikubaaqudgha
Makhleb
Nemelex Xobeh
Okawaru
Qazlal
Sif Muna
Trog
Vehumet
Wu Jian
Xom
The Shining One


Innate Abilities, Weirdness & Mutations

You have a pair of small antennae on your head.
You regenerate a little health from kills.
You sometimes gain a little power by taking damage.


Message History

You kill the worker ant!
You feel sick.
No target in view!
You start resting.
You feel sick. x4
You are no longer poisoned.
You start resting.
You are feeling very hungry.
You start resting.
HP restored.
You climb downwards.
The ogre hits you but does no damage.
There is a stone staircase leading up here.
You completely miss the ogre.
The ogre hits you with a giant spiked club!
You hit the ogre but do no damage.
The ogre hits you with a giant spiked club!!
Ouch! That really hurt!
* * * LOW HITPOINT WARNING * * *
The ogre hits you with a giant spiked club!
You die...

<....##....... ##.#.##
........#...# ##.....
........#...####.... #
.............#....#####...
...................?......
.......###.........O.....#
.......# ###...#s###......
......## #...#O# [..[.
.....## #..<#@# s...
.##### #.....# ... )#
#...##... ## .# #.... .###
.# ....##s## .# .##..# ..
.# ##.# # .# ## .#


You could see an ogre and a giant cockroach.

Vanquished Creatures
  A hound (D:4)
  A worker ant (D:3)
  Robin (D:2)
  2 adders
  A worm (D:3)
  A dart slug (D:2)
  A leopard gecko (D:1)
  9 orcs
  6 bats
  A giant cockroach (D:2)
  9 hobgoblins
  8 jackals
  3 quokkas (D:3)
  A ball python (D:3)
  5 frilled lizards
  15 goblins
  7 kobolds
  6 rats
78 creatures vanquished.

Notes
Turn   | Place    | Note
-------+----------+-------------------------------------------
     0 | D:1      | snakesoul the Demonspawn Fighter began the quest for the Orb.
     0 | D:1      | Reached XP level 1. HP: 18/18 MP: 1/1
    95 | D:1      | Gained mutation: You regenerate a little health from kills. [demonic ancestry]
    95 | D:1      | Reached XP level 2. HP: 21/24 MP: 2/2
   780 | D:2      | Noticed Robin
   796 | D:2      | Gained mutation: You sometimes gain a little power by taking damage. [demonic ancestry]
   796 | D:2      | Reached XP level 3. HP: 29/29 MP: 3/3
   832 | D:2      | Killed Robin
   989 | D:2      | Found a glowing golden altar of the Shining One.
  1152 | D:2      | Found an ornate altar of the Wu Jian Council.
  1399 | D:2      | Gained mutation: You have a pair of small antennae on your head. [demonic ancestry]
  1399 | D:2      | Reached XP level 4. HP: 32/35 MP: 4/4
  1545 | D:2      | Found a shattered altar of Ashenzari.
  2836 | D:4      | Reached XP level 5. HP: 34/42 MP: 5/5
  2872 | D:4      | Found a staircase to the Ecumenical Temple.
  2884 | Temple   | Entered the Ecumenical Temple
  3198 | D:4      | Noticed an ogre
  3338 | D:4      | HP: 2/42 [ogre/giant spiked club (26)]
  3339 | D:4      | Mangled by an ogre

Skill      XL: |  1  2  3 |
---------------+----------+-----
Polearms       | 2 3 |  3.8
Shields        | 3 |  3.5
Fighting       | |  3.9
Armour         | |  2.6

Action                   |  1- 3 |  4- 6 || total
-------------------------+-------+-------++-------
Melee: Trident           |   171 |   141 ||   312
  Use: Potion            |     1 |       ||     1
  Eat: Chunk             |     2 |     5 ||     7
Armor: Scale mail        |    96 |    47 ||   143
Dodge: Dodged            |    56 |    33 ||    89
Block: Shield            |   100 |    45 ||   145
